AoeStats
← mandalvarado

Arabia

510201186Analyzed
3v3 RM · 3d ago on Sep 29, 2026· 40m 49s· 6 players
Game mode
Random Map
Map size
Normal (6 player)
Population
200
Speed
Normal
Resources
Standard
Victory
Conquest
Starting age
Dark Age
Ending age
Imperial Age
RankedLock teamsTeams togetherTeam positionsShared explorationLock speedFull tech treeHidden civsTurbo modeCheats
Victory
Defeat
🇨🇦 Vietnamese · Canada
945
+12
🇨🇴 Danes · Colombia
821
+17
🇨🇴 Celts · Colombia
801
+19
🇨🇴 Ethiopians · Colombia
897
-18
🇨🇷 Aztecs · Costa Rica
872
-17
🇵🇪 Khmer · Peru
779
-13
radiotiempo.todoeltiempo
4:41 Loom
9:55 Feudal Age
10:20 Man-at-Arms
13:07 Forging
13:16 Double-Bit Axe
14:16 Horse Collar
14:47 Scale Mail Armor
15:29 Arson
23:40 Castle Age
21:52 Stone Mining
24:42 Bow Saw
24:38 Heavy Plow
24:50 Squires
24:36 Gambesons
25:30 Stone Shaft Mining
25:24 Fletching
26:44 Wheelbarrow
25:54 Town Watch
27:56 Chain Mail Armor
28:39 Gold Mining
30:55 Iron Casting
35:38 Imperial Age
35:21 Gold Shaft Mining
36:46 Conscription
39:09 Plate Mail Armor
40:51 Blast Furnace
Nipersx
7:20 Loom
9:57 Feudal Age
13:15 Wheelbarrow
13:09 Gold Mining
13:08 Double-Bit Axe
16:04 Town Watch
18:21 Fletching
18:31 Padded Archer Armor
21:51 Horse Collar
22:03 Stone Mining
24:59 Castle Age
25:45 Elite Skirmisher
26:42 Bow Saw
26:29 Bodkin Arrow
27:06 Hand Cart
28:20 Leather Archer Armor
28:43 Crossbowman
29:58 Ballistics
30:30 Thumb Ring
32:25 Treadmill Crane
33:06 Heavy Plow
33:07 Murder Holes
35:13 Masonry
36:37 Stone Shaft Mining
39:45 Imperial Age
39:56 Imperial Skirmisher
41:50 Chemistry
41:58 Crop Rotation
42:29 Two-Man Saw
GenghisKhan't
0:44 Loom
11:57 Feudal Age
12:18 Man-at-Arms
13:18 Arson
14:05 Double-Bit Axe
19:23 Forging
21:21 Gold Mining
22:53 Horse Collar
25:30 Wheelbarrow
28:50 Town Watch
31:40 Castle Age
34:35 Gold Shaft Mining
36:27 Stronghold
l3141516
0:35 Loom
11:18 Feudal Age
16:27 Castle Age
14:35 Horse Collar
16:02 Double-Bit Axe
28:17 Husbandry
30:01 Arson
30:31 Town Watch
32:06 Town Patrol
36:10 Stone Mining
36:11 Gold Mining
36:42 Pikeman
38:05 Wheelbarrow
38:04 Bloodlines
40:40 Hand Cart
JuanSe
7:29 Loom
10:37 Feudal Age
12:11 Double-Bit Axe
12:10 Horse Collar
12:57 Town Watch
15:02 Fletching
15:13 Padded Archer Armor
22:29 Castle Age
22:39 Wheelbarrow
22:31 Gold Mining
23:09 Crossbowman
23:55 Thumb Ring
23:56 Bodkin Arrow
24:17 Leather Archer Armor
25:28 Stone Mining
26:15 Gold Shaft Mining
26:16 Town Patrol
30:12 Hand Cart
30:54 Heavy Plow
31:30 Elite Skirmisher
37:48 Imperial Age
37:23 Bow Saw
38:28 Bracer
39:00 Ring Archer Armor
40:00 Chemistry
39:47 Murder Holes
40:04 Masonry
41:04 Forging
40:54 Scale Mail Armor
mandalvarado
2:16 Loom
3:31 Loom
12:36 Feudal Age
20:37 Castle Age
18:49 Stone Mining
19:52 Double-Bit Axe
20:51 Eagle Warrior
23:19 Crossbowman
28:13 Forging
27:54 Fletching
30:21 Ballistics
33:50 Wheelbarrow
34:07 Pikeman
34:48 Squires
35:49 Atlatl
41:03 Imperial Age
37:58 Elite Skirmisher
39:04 Gold Mining
39:50 Stone Shaft Mining
38:59 Horse Collar
40:20 Hand Cart
40:47 Iron Casting
40:07 Bodkin Arrow
Connection lost

Rejoining the realm…

Still unreachable

The connection could not be restored.

Session expired

The server has moved on; the page needs a fresh start.